Map: New Gettysburg LE

Players

NORTHAMERICA - Winner!

  • Race: Protoss Protoss
  • League: Grandmaster

Yours

  • Race: Zerg Zerg
  • League: Grandmaster

VOD

Have the link to the VOD?

Description

Time

  • Played on: Nov. 1, 2016, 12:32 a.m.
  • Length: 12:40
Show
View Real Time Build Order
Export as new Build Order

NORTHAMERICA Protoss - Winner!

Build Orders: Nexus First, Zealot Archon, Dark Templar Rush 

Get SALT Encoding   

  12  0:01  Probe (Chrono Boost)  
  13  0:12  Probe (Chrono Boost)  
  14  0:19  Pylon  
  14  0:22  Probe (Chrono Boost)  
  15  0:37  Probe (Chrono Boost)  
  16  0:48  Probe (Chrono Boost)  
  17  1:00  Nexus, Unknown  
  17  1:10  Gateway  
  17  1:13  Probe (Chrono Boost)  
  18  1:22  Assimilator  
  18  1:24  Probe (Chrono Boost)  
  19  1:27  Assimilator  
  19  1:34  Probe (Chrono Boost)  
  20  1:45  Probe (Chrono Boost), Pylon  
  21  1:55  Probe (Chrono Boost)  
  21  1:59  Cybernetics Core  
  22  2:06  Probe (Chrono Boost)  
  23  2:11  Unknown  
  23  2:13  Probe (Chrono Boost)  
  24  2:16  Probe (Chrono Boost)  
  25  2:23  Probe (Chrono Boost)  
  25  2:24  Pylon  
  25  2:27  Probe (Chrono Boost)  
  27  2:31  Zealot  
  27  2:34  Probe (Chrono Boost)  
  27  2:36  Warp Gate  
  30  2:37  Probe (Chrono Boost)  
  31  2:47  Probe (Chrono Boost), Twilight Council  
  32  2:57  Probe (Chrono Boost)  
  32  2:58  Stalker  
  35  3:00  Probe (Chrono Boost)  
  36  3:08  Probe (Chrono Boost)  
  36  3:11  Probe (Chrono Boost)  
  38  3:18  Probe (Chrono Boost)  
  38  3:19  Robotics Facility  
  39  3:21  Probe (Chrono Boost)  
  40  3:29  Probe (Chrono Boost)  
  40  3:32  Probe (Chrono Boost)  
  42  3:34  Dark Shrine  
  42  3:39  Probe (Chrono Boost)  
  42  3:40  Assimilator  
  43  3:42  Probe (Chrono Boost), Assimilator  
  44  3:50  Probe (Chrono Boost)  
  44  3:53  Probe (Chrono Boost)  
  46  4:01  Probe (Chrono Boost)  
  47  4:03  Probe (Chrono Boost)  
  47  4:05  Gateway  
  47  4:08  Gateway  
  47  4:09  Gateway  
  48  4:11  Probe (Chrono Boost)  
  48  4:14  Probe (Chrono Boost)  
  50  4:19  Pylon  
  50  4:21  Warp Prism  
  50  4:22  Probe (Chrono Boost)  
  53  4:27  Pylon  
  53  4:34  Pylon  
  53  4:37  Probe (Chrono Boost)  
  53  4:38  Mothership Core (Chrono Boost)  
  56  4:47  Pylon  
  56  4:48  Probe (Chrono Boost)  
  56  4:50  Forge  
  57  5:01  Observer  
  58  5:07  Dark Templar  
  58  5:08  Dark Templar x3  
  58  5:12  Probe (Chrono Boost)  
  58  5:14  Archon, Probe (Chrono Boost)  
  68  5:15  Archon  
  68  5:20  Protoss Ground Weapons Level 1  
  68  5:24  Probe (Chrono Boost), Pylon  
  68  5:27  Nexus, Pylon, Unknown  
  69  5:30  Probe (Chrono Boost)  
  69  5:35  Robotics Bay  
  70  5:37  Probe (Chrono Boost)  
  70  5:40  Sentry  
  73  5:57  Immortal  
  73  6:01  Probe (Chrono Boost)  
  73  6:03  Probe (Chrono Boost), Gateway  
  79  6:04  Gateway  
  79  6:05  Sentry  
  79  6:08  Gateway  
  79  6:09  Blink  
  82  6:13  Probe (Chrono Boost)  
  82  6:14  Probe (Chrono Boost)  
  84  6:26  Probe (Chrono Boost)  
  84  6:29  Stalker x3, Probe (Chrono Boost)  
  91  6:37  Disruptor  
  91  6:39  Unknown  
  91  6:45  Probe (Chrono Boost)  
  95  6:47  Dark Templar  
  95  6:51  Probe (Chrono Boost), Pylon  
  98  6:58  Probe (Chrono Boost)  
  98  7:00  Probe (Chrono Boost)  
  100  7:01  Probe (Chrono Boost), Assimilator  
  100  7:06  Assimilator  
  102  7:08  Disruptor  
  102  7:09  Protoss Ground Weapons Level 2  
  102  7:10  Probe (Chrono Boost)  
  102  7:12  Probe (Chrono Boost)  
  106  7:15  Stalker  
  106  7:16  Stalker x4  
  106  7:17  Probe (Chrono Boost)  
  112  7:38  Probe (Chrono Boost)  
  112  7:39  Probe x2 (Chrono Boost)  
  112  7:43  Stalker x2  
  112  7:44  Stalker x3  
  120  7:45  Gateway x2  
  124  7:52  Photon Cannon  
  124  8:02  Pylon x2  
  124  8:05  Pylon  
  124  8:10  Pylon  
  124  8:13  Pylon  
  124  8:19  Disruptor  
  124  8:25  Pylon  
  124  8:26  Dark Templar x2  
  124  8:27  Dark Templar x2  
  133  8:28  Nexus, Unknown  
  133  8:30  Archon  
  133  8:31  Archon  
  133  8:32  Stalker  
  133  8:33  Stalker  
  139  8:34  Stalker  
  139  8:41  Probe (Chrono Boost)  
  142  8:45  Photon Cannon  
  142  8:46  Photon Cannon  
  142  8:48  Photon Cannon  
  138  9:04  Stalker x2  
  138  9:05  Stalker x2  
  138  9:06  Stalker x3  
  138  9:07  Stalker  
  132  9:10  Disruptor  
  131  9:22  Robotics Facility  
  121  9:31  Stalker  
  121  9:32  Stalker x6  
  121  9:33  Stalker  
  135  9:39  Unknown  
  135  9:42  Disruptor, Photon Cannon  
  135  9:49  Photon Cannon  
  138  9:57  Pylon  
  138  10:02  Pylon  
  138  10:05  Dark Templar x2  
  142  10:07  Photon Cannon  
  142  10:09  Archon  
  142  10:13  Photon Cannon, Assimilator  
  141  10:16  Warp Prism  
  141  10:17  Assimilator  
  141  10:19  Dark Templar x2  
  145  10:27  Photon Cannon  
  145  10:28  Dark Templar  
  149  10:29  Dark Templar, Zealot  
  149  10:32  Zealot  
  149  10:34  Archon  
  156  10:36  Probe (Chrono Boost)  
  156  10:39  Probe (Chrono Boost)  
  156  10:41  Disruptor  
  156  10:42  Stalker  
  160  10:57  Stalker x3  
  160  10:58  Stalker x3  
  172  11:04  Stalker x2  
  176  11:21  Disruptor  
  179  11:33  Dark Templar  
  179  11:34  Dark Templar x3  
  179  11:39  Archon x2  
  187  11:41  Pylon  
  187  11:44  Pylon  
  178  11:56  Probe (Chrono Boost)  
  179  12:02  Stalker x5  
  178  12:23  Stalker x4  
  178  12:31  Stalker x2  
  178  12:32  Stalker x3  
Show
View Real Time Build Order
Export as new Build Order

Yours Zerg 

Build Orders: Hatch First, Muta Ling Bane 

Get SALT Encoding   

  12  0:01  Drone  
  13  0:13  Overlord  
  13  0:19  Drone  
  14  0:31  Drone  
  14  0:32  Drone  
  14  0:35  Drone  
  17  0:55  Unknown, Hatchery  
  16  0:58  Drone  
  16  1:01  Drone  
  18  1:05  Extractor  
  18  1:08  Drone  
  18  1:21  Spawning Pool  
  18  1:23  Drone  
  18  1:29  Drone  
  19  1:40  Overlord  
  19  1:52  Drone  
  20  2:01  Drone  
  21  2:07  Unknown  
  21  2:08  Queen x2  
  25  2:09  Metabolic Boost  
  25  2:12  Zergling x2  
  26  2:17  Drone  
  26  2:20  Drone  
  26  2:22  Zergling x2  
  29  2:30  Drone  
  29  2:34  Drone  
  31  2:42  Drone  
  32  2:53  Pneumatized Carapace  
  32  2:54  Unknown, Hatchery  
  32  2:56  Drone  
  32  3:00  Overlord  
  32  3:12  Drone x3  
  35  3:18  Drone x2  
  35  3:19  Drone x2  
  39  3:21  Drone  
  39  3:25  Drone x2  
  42  3:29  Overlord  
  42  3:36  Queen  
  44  3:42  Roach Warren  
  43  3:57  Overlord, Drone x4  
  43  4:01  Overlord  
  47  4:05  Unknown  
  47  4:08  Lair  
  47  4:15  Drone x2  
  50  4:17  Drone x2  
  50  4:18  Drone  
  50  4:21  Overlord  
  50  4:22  Drone  
  53  4:32  Spore Crawler  
  53  4:34  Spore Crawler  
  51  4:40  Roach x8  
  51  4:44  Spore Crawler  
  51  4:45  Evolution Chamber, Drone  
  66  4:54  Drone  
  66  4:58  Drone x3  
  66  4:59  Drone x3  
  74  5:00  Overlord, Drone  
  74  5:05  Extractor  
  73  5:12  Drone  
  73  5:13  Overlord x2  
  74  5:19  Zerg Melee Weapons Level 1  
  74  5:24  Overlord  
  74  5:27  Overlord  
  74  5:31  Overseer  
  74  5:33  Overlord x2  
  74  5:35  Drone x4  
  77  5:36  Drone  
  77  5:37  Extractor, Drone x4  
  77  5:40  Drone  
  83  5:43  Hatchery, Unknown, Drone  
  83  5:44  Drone  
  77  5:58  Drone x2  
  77  5:59  Drone  
  77  6:02  Drone x8  
  88  6:12  Unknown, Hatchery  
  88  6:17  Extractor  
  88  6:18  Extractor, Drone x4  
  90  6:20  Drone  
  90  6:21  Extractor  
  90  6:22  Baneling Nest  
  90  6:24  Overlord  
  87  6:41  Drone x2  
  87  6:42  Overlord  
  87  6:45  Spire  
  87  6:46  Drone x2  
  90  6:47  Infestation Pit  
  90  6:50  Overlord  
  90  6:51  Roach x5  
  99  6:54  Overlord  
  99  6:55  Unknown  
  99  7:05  Drone x3  
  99  7:21  Zerg Melee Weapons Level 2, Centrifical Hooks  
  99  7:23  Glial Reconstitution, Unknown  
  99  7:33  Queen  
  99  7:35  Drone  
  99  7:36  Drone x8  
  108  7:37  Overlord  
  108  7:39  Hive  
  108  7:40  Overlord  
  108  7:42  Zergling x8  
  112  7:47  Zergling x6  
  112  7:48  Zergling x2  
  116  7:58  Extractor  
  116  7:59  Extractor  
  116  8:01  Mutalisk x3  
  116  8:02  Mutalisk x2  
  123  8:07  Overlord  
  123  8:08  Drone x2  
  123  8:09  Queen  
  123  8:11  Drone x2  
  123  8:12  Drone x2  
  131  8:16  Overlord  
  131  8:17  Zergling x2  
  131  8:18  Zergling x6  
  131  8:19  Ravager x4  
  139  8:26  Overseer  
  139  8:39  Zergling x2, Roach x7  
  139  8:40  Zergling x12, Roach  
  162  8:46  Ravager x4  
  166  8:50  Baneling x5  
  166  8:51  Zergling x2  
  166  8:52  Zergling x14  
  163  9:04  Zergling x12  
  158  9:10  Zergling x2  
  152  9:18  Zergling x14  
  152  9:20  Baneling x10  
  157  9:25  Zergling x4  
  147  9:31  Zergling x4  
  147  9:37  Queen, Unknown, Hatchery  
  150  9:44  Greater Spire, Adrenal Glands  
  150  9:46  Zerg Melee Weapons Level 3  
  150  9:47  Drone  
  150  9:48  Evolution Chamber, Drone  
  150  9:50  Drone x3  
  150  9:51  Drone x3  
  157  10:12  Overlord  
  156  10:18  Overlord  
  156  10:19  Corruptor x5  
  166  10:30  Corruptor  
  168  10:49  Unknown  
  168  10:52  Ravager x2  
  168  10:53  Zergling x34  
  168  10:54  Overlord x2  
  189  10:57  Brood Lord  
  189  10:59  Brood Lord  
  189  11:00  Brood Lord  
  195  11:04  Brood Lord  
  195  11:06  Brood Lord  
  197  11:18  Drone  
  197  11:19  Brood Lord  
  193  11:26  Unknown, Hatchery  
  191  11:38  Corruptor x4  
  188  11:54  Corruptor x2  
  176  11:56  Zergling x22  
  176  11:57  Zergling x12  
  189  12:13  Overseer  
  187  12:18  Zergling x2  
  187  12:19  Zergling x20  
Tags
 
Add a new tag
Caveats
  • Supply blocks, unpowered buildings, or Contaminate may cause inaccurate times.
  • Supply counts are checked every 10 seconds.